Map: Seeds of Aiur

Players

Spicepepper

  • Race: Protoss Protoss
  • League: Bronze
  • Spawn Location: 1:00

Darksabre

  • Race: Zerg Zerg
  • Spawn Location: 1:00

zite - Winner!

  • Race: Zerg Zerg
  • League: Gold
  • Spawn Location: 7:00

unhedged - Winner!

  • Race: Protoss Protoss
  • League: Platinum
  • Spawn Location: 7:00

VOD

Have the link to the VOD?

Description

Time

  • Played on: March 3, 2018, 4:31 a.m.
  • Length: 7:21
Show
View Real Time Build Order
Export as new Build Order

Spicepepper Protoss 

Build Orders:  

Get SALT Encoding   

  12  0:03  Probe  
  13  0:15  Probe  
  14  0:24  Pylon  
  14  0:28  Probe  
  15  0:42  Probe  
  16  0:43  Gateway  
  16  0:52  Assimilator  
  16  0:54  Probe  
  17  1:12  Probe  
  18  1:24  Probe  
  19  1:36  Probe  
  20  1:48  Probe  
  21  2:00  Probe  
  22  2:03  Cybernetics Core  
  22  2:12  Probe  
  23  2:21  Pylon  
  23  2:37  Forge, Gateway  
  23  2:39  Probe (Chrono Boost), Zealot  
  26  2:44  Gateway  
  26  2:48  Assimilator  
  21  3:32  Gateway  
  21  3:34  Gateway  
  21  3:35  Warp Gate (Chrono Boost)  
  21  3:37  Photon Cannon  
  18  3:53  Pylon  
  18  4:09  Zealot  
  18  4:12  Robotics Facility  
  18  4:34  Pylon  
  18  4:36  Photon Cannon  
  18  4:38  Shield Battery  
  18  5:05  Probe  
  19  5:16  Twilight Council  
  19  5:31  Zealot  
  19  5:32  Zealot x3  
  23  5:53  Stalker  
  21  6:23  Zealot  
  21  6:24  Zealot x2  
  27  6:39  Warp Prism  
  29  6:50  Zealot  
  26  6:57  Stalker  
  26  6:58  Stalker  
  26  7:15  Stalker  
Show
View Real Time Build Order
Export as new Build Order

Darksabre Zerg 

Build Orders: Pool Only 

Get SALT Encoding   

  12  0:01  Drone  
  13  0:08  Drone  
  14  0:18  Overlord  
  14  0:26  Extractor  
  13  0:34  Drone  
  14  0:53  Drone  
  14  0:56  Spawning Pool  
  14  1:08  Drone x2  
  14  1:10  Drone  
  17  2:10  Queen, Zergling x6  
  22  2:18  Spine Crawler  
  21  2:29  Spine Crawler  
  20  2:33  Zergling x4  
  20  2:37  Metabolic Boost  
  22  2:40  Roach Warren  
  19  2:58  Zergling x4  
  19  3:48  Roach  
  19  3:49  Overlord x2  
  21  4:09  Roach  
  23  4:11  Roach  
  25  4:24  Roach x2  
  25  4:25  Roach  
Show
View Real Time Build Order
Export as new Build Order

zite Zerg - Winner!

Build Orders: Pool First 

Get SALT Encoding   

  12  0:01  Drone  
  13  0:12  Drone  
  14  0:18  Overlord  
  14  0:38  Drone x3  
  17  0:48  Spawning Pool  
  16  0:52  Drone, Extractor  
  16  1:03  Drone  
  17  1:26  Hatchery  
  16  1:35  Zergling x6  
  19  1:48  Queen  
  19  1:50  Overlord  
  21  2:04  Metabolic Boost  
  21  2:07  Zergling x2  
  22  2:11  Zergling x2  
  23  2:29  Zergling x2  
  21  3:35  Queen  
  20  3:42  Drone x9  
  29  3:49  Hatchery  
  29  3:55  Drone x2  
  30  4:04  Lair  
  30  4:18  Overlord, Drone x2, Extractor  
  30  4:19  Drone x3  
  34  4:25  Extractor  
  34  4:29  Extractor  
  33  4:38  Drone x3  
  33  4:39  Drone x3  
  38  4:48  Drone x2  
  40  4:57  Drone x4  
  44  5:02  Spire  
  44  5:06  Queen  
  43  5:11  Drone  
  46  5:15  Drone  
  46  5:18  Overlord  
  47  5:22  Overlord  
  47  6:13  Mutalisk x3  
  47  6:14  Mutalisk x6  
  47  6:18  Overlord x2  
  65  6:19  Overlord  
  65  6:26  Drone  
  65  6:28  Overlord x5  
  66  6:51  Drone x6  
  66  6:52  Drone x4  
Show
View Real Time Build Order
Export as new Build Order

unhedged Protoss - Winner!

Build Orders: Cannon Rush 

Get SALT Encoding   

  12  0:02  Probe (Chrono Boost)  
  13  0:17  Probe (Chrono Boost)  
  14  0:26  Pylon  
  14  0:29  Probe  
  15  0:44  Probe  
  16  0:52  Forge  
  16  0:57  Probe  
  17  1:07  Pylon  
  17  1:14  Pylon  
  17  1:24  Probe  
  18  1:28  Photon Cannon  
  18  1:33  Photon Cannon  
  17  1:47  Pylon  
  17  1:53  Photon Cannon  
  17  1:54  Photon Cannon  
  17  1:59  Pylon  
  17  2:07  Probe  
  18  2:16  Gateway  
  18  2:23  Photon Cannon  
  18  2:30  Probe (Chrono Boost)  
  18  2:34  Assimilator  
  19  2:47  Photon Cannon  
  19  2:55  Photon Cannon  
  19  3:10  Cybernetics Core  
  20  3:12  Probe (Chrono Boost)  
  20  3:19  Pylon  
  20  3:25  Probe (Chrono Boost)  
  21  3:34  Probe (Chrono Boost)  
  22  3:38  Gateway  
  22  3:44  Warp Gate (Chrono Boost)  
  22  3:45  Pylon  
  22  3:50  Adept  
  22  3:55  Probe  
  25  4:01  Photon Cannon  
  25  4:12  Probe  
  25  4:15  Assimilator  
  26  4:20  Adept  
  28  4:25  Adept  
  28  4:30  Gateway  
  30  4:36  Probe (Chrono Boost)  
  31  4:48  Probe (Chrono Boost), Adept  
  34  5:02  Shield Battery  
  34  5:06  Photon Cannon  
  34  5:13  Adept  
  36  5:19  Adept  
  36  5:20  Adept  
  38  5:55  Adept x3  
  42  6:50  Stalker x2  
  46  6:55  Gateway  
  44  7:12  Stalker  
Tags
 
Add a new tag
Caveats
  • Supply blocks, unpowered buildings, or Contaminate may cause inaccurate times.
  • Supply counts are checked every 10 seconds.